[Event "CN Seniori 2012"]
[Site "Sarata Monteoru/Romania"]
[Date "2012.02.15"]
[Round "3.16"]
[White "Petrisor, Adrian-Marian"]
[Black "Bida, Mihai-Eugen"]
[Result "1-0"]
[ECO "E11"]
[WhiteElo "2385"]
[BlackElo "2183"]
[PlyCount "103"]
[EventDate "2012.??.??"]
[TimeControl "40/5400+30:900+30"]

1. d4 Nf6 2. c4 e6 3. Nf3 Bb4+ 4. Nbd2 d5 5. Qc2 O-O 6. a3 Be7 7. e3 Nbd7 8.
cxd5 exd5 9. b4 Re8 10. Bd3 Nf8 11. O-O Bd6 12. Bb2 a6 13. Rfe1 Ng6 14. Rac1
Bd7 15. Qb3 c6 16. Qc2 Qe7 17. Nb3 Ne4 18. Nc5 Bg4 19. Ne5 Bxe5 20. dxe5 Nxc5
21. bxc5 Nxe5 22. Bxh7+ Kh8 23. h3 Qh4 24. Bd3 Bxh3 25. gxh3 Qxh3 26. Bxe5 Rxe5
27. f4 Rxe3 28. Rxe3 Qxe3+ 29. Kg2 Qxf4 30. Rh1+ Kg8 31. Qe2 Qg5+ 32. Kf3 Qf6+
33. Kg2 Qg5+ 34. Kf3 Qf6+ 35. Kg4 g6 36. Qe3 Qb2 37. Rh3 Qg2+ 38. Rg3 Qb2 39.
Qe7 Kg7 40. Bxg6 Qf6 41. Qxb7 Rh8 42. Bh5 Rh6 43. Kh3+ Kh7 44. Qb1+ Rg6 45.
Bxg6+ fxg6 46. Qd3 Qe6+ 47. Kg2 Qf6 48. Rh3+ Kg8 49. Qc3 Qg5+ 50. Rg3 Qh5 51.
Qf3 Qh6 52. Qe3 1-0

[Event "CN Seniori 2012"]
[Site "Sarata Monteoru/Romania"]
[Date "2012.02.15"]
[Round "3.17"]
[White "Tomici, Stefan"]
[Black "Bonte, Andrei-Mihai"]
[Result "0-1"]
[ECO "C54"]
[WhiteElo "2147"]
[BlackElo "2380"]
[PlyCount "130"]
[EventDate "2012.??.??"]
[TimeControl "40/5400+30:900+30"]

1. e4 e5 2. Nf3 Nc6 3. Bc4 Bc5 4. c3 Nf6 5. d4 exd4 6. cxd4 Bb4+ 7. Bd2 Bxd2+
8. Nbxd2 d5 9. exd5 Nxd5 10. Qb3 Nce7 11. O-O O-O 12. Rfe1 c6 13. Rac1 Qb6 14.
Qa3 Ng6 15. Ne4 Bf5 16. Nc5 Rfe8 17. Ne5 Nxe5 18. dxe5 Rad8 19. Qf3 Bg6 20. Bb3
Re7 21. h4 h5 22. Qg3 Qb4 23. e6 Kh7 24. Re5 f6 25. Re2 Qf4 26. Qxf4 Nxf4 27.
Re3 Nd5 28. Re2 Bf5 29. Rce1 Kg6 30. Bc2 Nf4 31. Bxf5+ Kxf5 32. Re4 b6 33. Nb3
Nd3 34. R1e3 c5 35. f3 Nxb2 36. g4+ hxg4 37. fxg4+ Kg6 38. Re2 Rd1+ 39. Kg2 Nd3
40. h5+ Kg5 41. Nd2 Ne5 42. Nf3+ Nxf3 43. Kxf3 Rf1+ 44. Kg3 f5 45. gxf5 Kxf5
46. R4e3 Kf6 47. Kg4 Rf5 48. a4 Rg5+ 49. Kh4 g6 50. Rf3+ Rf5 51. Rxf5+ gxf5 52.
Rg2 Kxe6 53. h6 Kf6 54. Kh5 Re1 55. Rg6+ Ke5 56. Rg7 Rh1+ 57. Kg6 f4 58. h7 f3
59. Rf7 Ke4 60. Rxa7 f2 61. Rf7 Ke3 62. Rf5 Rxh7 63. Kxh7 c4 64. Re5+ Kf4 65.
Re6 c3 0-1

[Event "CN Seniori 2012"]
[Site "Sarata Monteoru/Romania"]
[Date "2012.02.15"]
[Round "3.18"]
[White "Costachi, Mihnea"]
[Black "Dobre, Claudiu-Cristian"]
[Result "0-1"]
[ECO "D36"]
[WhiteElo "1937"]
[BlackElo "2354"]
[PlyCount "116"]
[EventDate "2012.??.??"]
[TimeControl "40/5400+30:900+30"]

1. d4 d5 2. c4 c6 3. Nc3 Nf6 4. Nf3 e6 5. cxd5 exd5 6. Bg5 Be7 7. Qc2 g6 8. e3
Bf5 9. Bd3 Bxd3 10. Qxd3 Nbd7 11. O-O O-O 12. Rfe1 Re8 13. Nd2 Ne4 14. Bxe7
Qxe7 15. f3 Nxd2 16. Qxd2 Qb4 17. Rac1 Nb6 18. b3 a5 19. Rc2 Re6 20. Qd3 f5 21.
Rce2 Rd8 22. Rd1 Rde8 23. Rde1 a4 24. Nxa4 Nxa4 25. bxa4 Qxa4 26. Qb3 Qxb3 27.
axb3 Ra8 28. Kf2 Ree8 29. Rb1 Ra3 30. Rc2 Kf7 31. Rbb2 g5 32. g3 h5 33. Rd2 Re6
34. Re2 Ke7 35. b4 Kd6 36. Rb1 b5 37. Rbb2 Kc7 38. Rb1 Kb6 39. Rbb2 Re7 40. Rb1
Re8 41. Rbb2 g4 42. Re1 Rea8 43. Rc1 Ra2 44. Rcb1 R8a3 45. f4 Rb3 46. Rxa2 Rxb1
47. Ra8 Rxb4 48. Rf8 Rb2+ 49. Ke1 b4 50. Kd1 Rxh2 51. Rxf5 b3 52. Kc1 b2+ 53.
Kb1 h4 54. gxh4 g3 55. Rg5 g2 56. Ka2 Rh1 57. Kxb2 g1=Q 58. Rxg1 Rxg1 0-1

[Event "CN Seniori 2012"]
[Site "Sarata Monteoru/Romania"]
[Date "2012.02.15"]
[Round "4.1"]
[White "Cioara, Andrei-Nestor"]
[Black "Lupulescu, Constantin"]
[Result "1/2-1/2"]
[ECO "A62"]
[WhiteElo "2456"]
[BlackElo "2648"]
[PlyCount "75"]
[EventDate "2012.??.??"]
[TimeControl "40/5400+30:900+30"]

1. d4 Nf6 2. c4 e6 3. g3 c5 4. d5 exd5 5. cxd5 d6 6. Nc3 g6 7. Bg2 Bg7 8. Nf3
O-O 9. O-O Re8 10. h3 a6 11. a4 Ne4 12. Nxe4 Rxe4 13. Ne1 Re8 14. Qc2 Nd7 15.
e4 Rb8 16. Rb1 b5 17. axb5 Rxb5 18. Nf3 Rb4 19. Nd2 a5 20. Re1 Ba6 21. b3 Ne5
22. Re3 Qb6 23. Bf1 Bxf1 24. Kxf1 a4 25. bxa4 Qa6+ 26. Kg2 Qxa4 27. Qxa4 Rxa4
28. Bb2 Bh6 29. f4 Nd7 30. Ra1 Rea8 31. Rxa4 Rxa4 32. Ra3 Rxa3 33. Bxa3 Nb6 34.
Bb2 Bg7 35. Kf3 f5 36. Nf1 Nc4 37. exf5 gxf5 38. g4 1/2-1/2

[Event "CN Seniori 2012"]
[Site "Sarata Monteoru/Romania"]
[Date "2012.02.15"]
[Round "4.2"]
[White "Vajda, Levente"]
[Black "Dragomirescu, Robin-Alexandru"]
[Result "1-0"]
[ECO "B22"]
[WhiteElo "2594"]
[BlackElo "2340"]
[PlyCount "73"]
[EventDate "2012.??.??"]
[TimeControl "40/5400+30:900+30"]

1. e4 c5 2. c3 Nf6 3. e5 Nd5 4. d4 cxd4 5. Nf3 Nc6 6. cxd4 d6 7. Bc4 Nb6 8. Bb5
dxe5 9. Nxe5 Bd7 10. Nxd7 Qxd7 11. Nc3 Rd8 12. O-O e6 13. Be3 Be7 14. Qg4 O-O
15. Rad1 Rfe8 16. Bh6 Bf8 17. Bg5 Be7 18. h4 a6 19. Bxc6 Qxc6 20. Rd3 f5 21.
Qg3 Bxg5 22. hxg5 Qd6 23. Qh4 g6 24. Re1 Rd7 25. Rdd1 Qb4 26. Qf4 Qxb2 27. Qe3
Qb4 28. d5 Nc4 29. Qh3 e5 30. Ne4 Rf8 31. Nf6+ Rxf6 32. gxf6 Qd6 33. a4 Qxf6
34. Qb3 Nd6 35. Qc3 Re7 36. Rb1 b5 37. Qc6 1-0

[Event "CN Seniori 2012"]
[Site "Sarata Monteoru/Romania"]
[Date "2012.02.15"]
[Round "4.3"]
[White "Prodileanu, Adrian"]
[Black "Szabo, Gergely-Andras-Gyul"]
[Result "0-1"]
[ECO "A10"]
[WhiteElo "2204"]
[BlackElo "2554"]
[PlyCount "40"]
[EventDate "2012.??.??"]
[TimeControl "40/5400+30:900+30"]

1. c4 b6 2. Nc3 Bb7 3. e4 e6 4. Nge2 Nf6 5. d3 d5 6. cxd5 exd5 7. e5 Nfd7 8. d4
c5 9. f4 cxd4 10. Nxd4 Bc5 11. Be3 O-O 12. g3 Re8 13. Kf2 Nc6 14. Bg2 Ndxe5 15.
fxe5 Rxe5 16. b4 Rxe3 17. Kxe3 Bxd4+ 18. Kd2 Qg5+ 19. Kc2 Nxb4+ 20. Kb3 Bxc3
0-1

[Event "CN Seniori 2012"]
[Site "Sarata Monteoru/Romania"]
[Date "2012.02.15"]
[Round "4.4"]
[White "Bonte, Andrei-Mihai"]
[Black "Nevednichy, Vladislav"]
[Result "0-1"]
[ECO "E94"]
[WhiteElo "2380"]
[BlackElo "2546"]
[PlyCount "82"]
[EventDate "2012.??.??"]
[TimeControl "40/5400+30:900+30"]

1. d4 Nf6 2. c4 g6 3. Nc3 Bg7 4. e4 d6 5. Nf3 O-O 6. Be2 e5 7. O-O Nbd7 8. Be3
Re8 9. d5 Nh5 10. Re1 Bf8 11. Nd2 Ng7 12. b4 f5 13. Nb3 f4 14. Bd2 Nf6 15. c5
g5 16. Rc1 Re7 17. Qc2 Nge8 18. Bc4 Rg7 19. Qd3 Kh8 20. Rc2 h5 21. Bc1 Nh7 22.
c6 b6 23. Ba6 Bxa6 24. Qxa6 g4 25. Qd3 Ng5 26. Kh1 Qf6 27. g3 Nh3 28. gxf4 Nxf4
29. Bxf4 Qxf4 30. Qg3 Qg5 31. f3 Nf6 32. fxg4 hxg4 33. Rf2 Be7 34. Rf5 Qg6 35.
Qh4+ Kg8 36. Ref1 Nxd5 37. Qe1 g3 38. hxg3 Nf4 39. R1xf4 exf4 40. Nd5 Qh6+ 41.
Kg2 Rxg3+ 0-1

[Event "CN Seniori 2012"]
[Site "Sarata Monteoru/Romania"]
[Date "2012.02.15"]
[Round "4.5"]
[White "Miron, Lucian-Costin"]
[Black "Petrisor, Adrian-Marian"]
[Result "0-1"]
[ECO "E69"]
[WhiteElo "2525"]
[BlackElo "2385"]
[PlyCount "54"]
[EventDate "2012.??.??"]
[TimeControl "40/5400+30:900+30"]

1. d4 Nf6 2. c4 g6 3. Nf3 Bg7 4. g3 O-O 5. Bg2 d6 6. O-O c6 7. Nc3 Qa5 8. e4 e5
9. h3 Nbd7 10. Re1 exd4 11. Nxd4 Ne5 12. Bf1 Re8 13. f4 Ned7 14. Rb1 d5 15. e5
Ne4 16. Nxe4 dxe4 17. b4 Qd8 18. c5 Nf8 19. Bb2 a5 20. b5 Qd5 21. Qc2 Ne6 22.
Rxe4 Qxc5 23. Qxc5 Nxc5 24. Re3 Bd7 25. bxc6 bxc6 26. Rc1 Na4 27. Ba3 Rec8 0-1

[Event "CN Seniori 2012"]
[Site "Sarata Monteoru/Romania"]
[Date "2012.02.15"]
[Round "4.6"]
[White "Dumitrache, Dragos-Nicolae"]
[Black "Florescu, Codrut-Constantin"]
[Result "1/2-1/2"]
[ECO "E15"]
[WhiteElo "2460"]
[BlackElo "2282"]
[PlyCount "80"]
[EventDate "2012.??.??"]
[TimeControl "40/5400+30:900+30"]

1. d4 Nf6 2. c4 e6 3. Nf3 b6 4. g3 Ba6 5. Qa4 c6 6. Bg2 Be7 7. Nc3 O-O 8. O-O
d5 9. Ne5 Qe8 10. b3 b5 11. Qa5 bxc4 12. bxc4 Nfd7 13. Nxc6 Bxc4 14. Nxe7+ Qxe7
15. Ba3 Qd8 16. Qxd8 Rxd8 17. Rfb1 Nc6 18. e3 Rab8 19. Bd6 Rxb1+ 20. Rxb1 Nf6
21. Bc5 Nd7 22. Bd6 Nf6 23. Ba3 Rb8 24. Rxb8+ Nxb8 25. Bf3 Nc6 26. Bd1 Ne4 27.
Nxe4 dxe4 28. Ba4 Bd5 29. Bc5 a6 30. a3 f5 31. Bd1 Na5 32. Kf1 Kf7 33. Ke1 Nc4
34. Be2 Ke8 35. g4 g5 36. gxf5 exf5 37. Kd1 Nb2+ 38. Kd2 Nd3 39. Bxd3 exd3 40.
Kxd3 g4 1/2-1/2

[Event "CN Seniori 2012"]
[Site "Sarata Monteoru/Romania"]
[Date "2012.02.15"]
[Round "4.7"]
[White "Dobre, Claudiu-Cristian"]
[Black "Manea, Alexandru"]
[Result "1/2-1/2"]
[ECO "A46"]
[WhiteElo "2354"]
[BlackElo "2429"]
[PlyCount "79"]
[EventDate "2012.??.??"]
[TimeControl "40/5400+30:900+30"]

1. d4 Nf6 2. Nf3 e6 3. Bg5 h6 4. Bxf6 Qxf6 5. e4 c5 6. e5 Qf4 7. Nc3 cxd4 8.
Qxd4 Qxd4 9. Nxd4 Nc6 10. Nxc6 bxc6 11. Ne4 Be7 12. O-O-O Rb8 13. c3 f6 14.
Nd6+ Bxd6 15. exd6 Rb6 16. Be2 Kf7 17. f4 Ba6 18. Rhe1 Rhb8 19. b3 Bxe2 20.
Rxe2 Ra6 21. Rdd2 Rb5 22. c4 Rf5 23. Re4 h5 24. Kb2 Rb6 25. Kc3 c5 26. a3 a5
27. h4 Rb8 28. Rd3 Rb6 29. Rd1 Rb8 30. Rd3 Rb6 31. Rd1 Rb7 32. Rd3 Rb8 33. Rd1
Rb6 34. Rd3 Rb8 35. Rd1 Rb6 36. Rd3 Rb7 37. Rd1 Rb8 38. Rd3 Rb6 39. Rd1 Rb8 40.
Rd3 1/2-1/2

[Event "CN Seniori 2012"]
[Site "Sarata Monteoru/Romania"]
[Date "2012.02.15"]
[Round "4.8"]
[White "Ciobanu, Aurelian"]
[Black "Georgescu, Tiberiu-Marian"]
[Result "0-1"]
[ECO "E55"]
[WhiteElo "2276"]
[BlackElo "2415"]
[PlyCount "79"]
[EventDate "2012.??.??"]
[TimeControl "40/5400+30:900+30"]

1. e4 c6 2. d4 d5 3. exd5 cxd5 4. c4 Nf6 5. Nc3 e6 6. Nf3 Bb4 7. Bd3 dxc4 8.
Bxc4 O-O 9. O-O Nbd7 10. a3 Bxc3 11. bxc3 Qc7 12. Qd3 b6 13. Re1 Bb7 14. Ba2
Rac8 15. Bd2 Rfd8 16. Rac1 Qd6 17. Ng5 Nf8 18. f3 Qxa3 19. Ra1 Qe7 20. Bb1 Bd5
21. Ne4 Bc4 22. Qc2 Nxe4 23. fxe4 e5 24. Be3 Ne6 25. Qf2 Rd7 26. dxe5 Nc5 27.
Qg3 Re8 28. Bf4 Bb3 29. h4 Qe6 30. Kh2 a5 31. Ra3 a4 32. Re3 Rd1 33. Bd3 Rxd3
34. Rxd3 Nxd3 35. Qxd3 Qe7 36. Qb5 Qxh4+ 37. Kg1 Rd8 38. g3 Rd1+ 39. Kf2 Qh2+
40. Ke3 0-1

[Event "CN Seniori 2012"]
[Site "Sarata Monteoru/Romania"]
[Date "2012.02.15"]
[Round "4.9"]
[White "Parligras, Mircea-Emilian"]
[Black "Varlan, Hervig-Ioan"]
[Result "1-0"]
[ECO "D85"]
[WhiteElo "2650"]
[BlackElo "2184"]
[PlyCount "100"]
[EventDate "2012.??.??"]
[TimeControl "40/5400+30:900+30"]

1. d4 Nf6 2. c4 g6 3. Nc3 d5 4. cxd5 Nxd5 5. e4 Nxc3 6. bxc3 Bg7 7. Be3 c5 8.
Rc1 cxd4 9. cxd4 O-O 10. Qd2 Nc6 11. Nf3 Bd7 12. Be2 a6 13. O-O Rc8 14. d5 Ne5
15. Nxe5 Bxe5 16. f4 Bg7 17. Qb4 b5 18. e5 Re8 19. Bf3 Bf5 20. Rc6 Rxc6 21.
dxc6 g5 22. Rd1 Qc8 23. Qd4 gxf4 24. Bxf4 Qc7 25. h4 Be6 26. h5 h6 27. Qe3 Rd8
28. Rxd8+ Qxd8 29. Qa7 Qa5 30. Qb8+ Bf8 31. Kh2 Qb4 32. Bg3 Qb1 33. c7 Qf5 34.
Qb7 Bc8 35. Qe4 Qxe4 36. Bxe4 e6 37. Bh4 Bc5 38. g4 Be3 39. Kg3 b4 40. Kf3 Bd2
41. Bc6 a5 42. Ke4 Bc3 43. Be7 Kg7 44. Bf6+ Kg8 45. Kd3 Ba6+ 46. Kc2 Bc8 47.
Kb3 Bd2 48. Ka4 Be1 49. Kb5 Bd2 50. Kb6 Be3+ 1-0

[Event "CN Seniori 2012"]
[Site "Sarata Monteoru/Romania"]
[Date "2012.02.15"]
[Round "4.11"]
[White "Senetia, Teodor"]
[Black "Jianu, Vlad"]
[Result "0-1"]
[ECO "B70"]
[WhiteElo "2198"]
[BlackElo "2508"]
[PlyCount "158"]
[EventDate "2012.??.??"]
[TimeControl "40/5400+30:900+30"]

1. e4 c5 2. Nf3 d6 3. d4 cxd4 4. Nxd4 Nf6 5. Nc3 g6 6. Be2 Bg7 7. O-O Nc6 8.
Nb3 O-O 9. Re1 Be6 10. Bf1 Rc8 11. Nd5 Ne5 12. c3 Nc4 13. Bxc4 Rxc4 14. Qd3 Rc8
15. Bg5 Bxd5 16. exd5 Re8 17. Re2 Qd7 18. Rae1 h6 19. Bxf6 Bxf6 20. Nd2 b5 21.
Ne4 Be5 22. a3 a5 23. Nd2 Qb7 24. Nb3 Qb6 25. Qe3 Qxe3 26. Rxe3 b4 27. axb4
axb4 28. cxb4 Rc2 29. R3e2 Rxe2 30. Rxe2 Rb8 31. Na5 Rxb4 32. Nc6 Rb5 33. Nxe5
dxe5 34. Rxe5 Rxb2 35. g4 Kf8 36. Re3 Rb4 37. h3 Rd4 38. Kg2 Rxd5 39. Ra3 Kg7
40. Ra6 Rd6 41. Ra8 e5 42. Re8 Kf6 43. Kg3 Re6 44. Rh8 Kg7 45. Ra8 Rb6 46. Re8
Rb3+ 47. Kg2 Kf6 48. h4 Rb4 49. Kg3 Ra4 50. Rh8 Kg7 51. Re8 Ra3+ 52. Kg2 Kf6
53. Rh8 Ra5 54. Kf3 Ra1 55. Re8 Rg1 56. Ra8 Rd1 57. Rh8 Rh1 58. g5+ Kg7 59. Re8
Rxh4 60. gxh6+ Kf6 61. Rh8 Kg5 62. h7 Kf5 63. Kg3 g5 64. f3 f6 65. Kf2 Kg6 66.
Rg8+ Kxh7 67. Ra8 Kg6 68. Kg3 Rb4 69. Ra3 Kf5 70. Rc3 g4 71. Ra3 Rf4 72. fxg4+
Rxg4+ 73. Kf2 e4 74. Ra6 Ke5 75. Ke3 Rg3+ 76. Kf2 Rb3 77. Ke2 f5 78. Ra1 Rb2+
79. Kf1 Kf4 0-1

[Event "CN Seniori 2012"]
[Site "Sarata Monteoru/Romania"]
[Date "2012.02.15"]
[Round "4.12"]
[White "Filip, Lucian"]
[Black "Horvat, Dan"]
[Result "1-0"]
[ECO "D15"]
[WhiteElo "2490"]
[BlackElo "2197"]
[PlyCount "67"]
[EventDate "2012.??.??"]
[TimeControl "40/5400+30:900+30"]

1. d4 d5 2. Nf3 Nf6 3. c4 c6 4. Nc3 a6 5. e3 b5 6. c5 Nbd7 7. a3 a5 8. Bd2 Qc7
9. b4 e5 10. Be2 Be7 11. O-O h5 12. Ne1 Ng4 13. f4 e4 14. Nc2 a4 15. h3 Nh6 16.
Bxh5 Nf5 17. Be1 Nf6 18. Be2 Bd7 19. Rb1 g6 20. Bf2 O-O-O 21. Nxa4 bxa4 22.
Ba6+ Kb8 23. b5 cxb5 24. Bxb5 Bxb5 25. Rxb5+ Kc8 26. Nb4 Kd7 27. Qxa4 Ke6 28.
Na6 Qa7 29. Rfb1 Rd7 30. Rb6+ Nd6 31. Qc6 Ra8 32. cxd6 Bxd6 33. Nc5+ Ke7 34.
Nxd7 1-0

[Event "CN Seniori 2012"]
[Site "Sarata Monteoru/Romania"]
[Date "2012.02.15"]
[Round "4.13"]
[White "Baciu, Stefan"]
[Black "Berescu, Alin-Mile"]
[Result "0-1"]
[ECO "D36"]
[WhiteElo "2222"]
[BlackElo "2488"]
[PlyCount "98"]
[EventDate "2012.??.??"]
[TimeControl "40/5400+30:900+30"]

1. d4 d5 2. c4 e6 3. Nc3 Nf6 4. Bg5 c6 5. e3 Nbd7 6. cxd5 exd5 7. Qc2 Be7 8.
Bd3 Nf8 9. h3 Ne6 10. Bxf6 Bxf6 11. Nf3 g6 12. O-O a5 13. Ne2 O-O 14. Rab1 Ng7
15. a3 a4 16. Nc3 Qa5 17. Qd2 Bf5 18. g4 Bxd3 19. Qxd3 Rfe8 20. Qc2 Re6 21. Kg2
Ne8 22. Ne1 Nd6 23. Nd3 Nc4 24. Rbe1 b5 25. Re2 Rae8 26. Rfe1 Qa7 27. Nc5 R6e7
28. Na2 Qc7 29. Nb4 Bh4 30. e4 dxe4 31. Rxe4 Rxe4 32. Nxe4 Re6 33. Re2 Qd8 34.
Nc3 Rxe2 35. Qxe2 Qxd4 36. Nxc6 Qc5 37. Nb4 Nxa3 38. Qe8+ Kg7 39. Nd3 Qd4 40.
Qe2 Nc4 41. Ne1 Bf6 42. g5 Bxg5 43. Nf3 Qf4 44. Nxb5 Bf6 45. Nbd4 Ne5 46. Qb5
Nxf3 47. Nxf3 Qe4 48. Kg3 Qc2 49. Ne1 Qxb2 0-1

[Event "CN Seniori 2012"]
[Site "Sarata Monteoru/Romania"]
[Date "2012.02.15"]
[Round "4.14"]
[White "Danilov, Vladimir"]
[Black "Paval, George"]
[Result "1-0"]
[ECO "D79"]
[WhiteElo "2440"]
[BlackElo "2229"]
[PlyCount "85"]
[EventDate "2012.??.??"]
[TimeControl "40/5400+30:900+30"]

1. Nf3 Nf6 2. g3 g6 3. Bg2 Bg7 4. O-O O-O 5. d4 d5 6. c4 c6 7. cxd5 cxd5 8. Ne5
e6 9. Nc3 Nfd7 10. f4 f6 11. Nd3 f5 12. Be3 Nc6 13. Ne5 Nf6 14. Nxc6 bxc6 15.
Na4 Rb8 16. b3 Ne4 17. Rc1 Bd7 18. Bxe4 fxe4 19. Rc2 Rf7 20. Bf2 Bf8 21. e3 g5
22. Be1 Rg7 23. Nc5 gxf4 24. exf4 Bxc5 25. dxc5 Qe7 26. Qd4 e5 27. fxe5 Be6 28.
Rcf2 Bh3 29. e6 Bxf1 30. Bc3 Rf8 31. Kxf1 Rxf2+ 32. Kxf2 Qg5 33. Qxg7+ Qxg7 34.
Bxg7 Kxg7 35. Ke3 Kf6 36. b4 Kxe6 37. Kf4 a6 38. g4 h6 39. h4 Kf6 40. a4 Ke6
41. g5 hxg5+ 42. hxg5 Ke7 43. g6 1-0

[Event "CN Seniori 2012"]
[Site "Sarata Monteoru/Romania"]
[Date "2012.02.15"]
[Round "4.15"]
[White "Baratosi, Daniel"]
[Black "Gulie, Cosmin"]
[Result "1-0"]
[ECO "B75"]
[WhiteElo "2418"]
[BlackElo "2133"]
[PlyCount "131"]
[EventDate "2012.??.??"]
[TimeControl "40/5400+30:900+30"]

1. e4 c5 2. Nf3 d6 3. d4 cxd4 4. Nxd4 Nf6 5. Nc3 g6 6. Be3 Bg7 7. f3 a6 8. Qd2
Nbd7 9. O-O-O b5 10. Kb1 Bb7 11. Nde2 Rc8 12. Nf4 Ne5 13. Nfd5 Nxd5 14. Nxd5
Bxd5 15. exd5 Nc4 16. Bxc4 Rxc4 17. Bh6 Bxh6 18. Qxh6 Qc8 19. Qg7 Rf8 20. Rd2
Qf5 21. Re1 Rc7 22. Qxh7 Qf6 23. Qh6 Rh8 24. Qe3 Rb7 25. g3 Rh5 26. f4 Kf8 27.
h4 Kg7 28. Qa3 Ra7 29. Qa5 Qf5 30. Qb6 Qd7 31. Qd4+ Kg8 32. Rde2 Qb7 33. Rxe7
Qxe7 34. Rxe7 Rxe7 35. a3 Rb7 36. b3 Rc7 37. Kb2 Rc5 38. c4 bxc4 39. bxc4 Kf8
40. Kc3 Ke7 41. Kd3 a5 42. a4 Rc7 43. Qc3 Rc8 44. Qxa5 Rhh8 45. Qa7+ Kf6 46. a5
Rhd8 47. Kc3 Ra8 48. Qb6 Rab8 49. Qd4+ Ke7 50. f5 gxf5 51. h5 Rg8 52. Qe3+ Kf6
53. Qd4+ Ke7 54. Qe3+ Kf6 55. c5 dxc5 56. d6 Rbe8 57. Qh6+ Ke5 58. d7 Rd8 59.
Qc6 Rxg3+ 60. Kc4 Rgg8 61. Kxc5 f4 62. Qd5+ Kf6 63. Kd6 Rg5 64. Qe4 Kg7 65. h6+
Kxh6 66. Qxf4 1-0

[Event "CN Seniori 2012"]
[Site "Sarata Monteoru/Romania"]
[Date "2012.02.15"]
[Round "4.16"]
[White "Anton, Teodor"]
[Black "Stegariu, Vlad-Ionut"]
[Result "1-0"]
[ECO "E63"]
[WhiteElo "2393"]
[BlackElo "2202"]
[PlyCount "56"]
[EventDate "2012.??.??"]
[TimeControl "40/5400+30:900+30"]

1. d4 Nf6 2. c4 g6 3. Nf3 Bg7 4. g3 d6 5. Bg2 O-O 6. O-O Nc6 7. Nc3 a6 8. h3
Rb8 9. e4 e5 10. d5 Na5 11. Qe2 b5 12. cxb5 axb5 13. b4 Nc4 14. a4 Bd7 15. axb5
Nb6 16. Nd2 Qe8 17. Re1 Nh5 18. Nb3 f5 19. Na5 f4 20. g4 f3 21. Bxf3 Nf4 22.
Bxf4 exf4 23. Qd3 Bc8 24. Nc6 Rb7 25. e5 dxe5 26. Ne4 Nd7 27. Ra8 Kh8 28. Nc5
Nb6 1-0

[Event "CN Seniori 2012"]
[Site "Sarata Monteoru/Romania"]
[Date "2012.02.15"]
[Round "4.17"]
[White "Malureanu, Costin"]
[Black "Balla, Tamas-Kristof"]
[Result "1/2-1/2"]
[ECO "B49"]
[WhiteElo "2139"]
[BlackElo "2377"]
[PlyCount "118"]
[EventDate "2012.??.??"]
[TimeControl "40/5400+30:900+30"]

1. e4 c5 2. Nf3 e6 3. d4 cxd4 4. Nxd4 a6 5. Be2 Qc7 6. O-O Nf6 7. Nc3 Nc6 8.
Be3 b5 9. a3 Bb7 10. Kh1 Na5 11. Bd3 Nc4 12. Bxc4 bxc4 13. f3 Be7 14. Qd2 O-O
15. Rfe1 d6 16. b4 cxb3 17. cxb3 d5 18. Rec1 dxe4 19. Nxe4 Qe5 20. Bf4 Qd5 21.
Rc7 Rfd8 22. Rxe7 Nxe4 23. fxe4 Qxe4 24. Be3 e5 25. Qf2 Bd5 26. Rf1 Rac8 27.
Nf3 Re8 28. Rxe8+ Rxe8 29. Bc5 Bxb3 30. Nd2 Qd5 31. Qf3 Qxf3 32. gxf3 Bd5 33.
Rb1 f5 34. Rb6 Rc8 35. Bb4 e4 36. Rd6 Bb7 37. Re6 exf3 38. Kg1 g5 39. Re5 Be4
40. Nxe4 fxe4 41. Rxe4 Rc2 42. Rg4 h6 43. Rg3 Rc1+ 44. Kf2 Rc2+ 45. Kxf3 Rxh2
46. Kg4 Kf7 47. Rc3 Rh4+ 48. Kg3 Rf4 49. Rc7+ Kg6 50. Bc3 h5 51. Rc6+ Kf5 52.
Rf6+ Ke4 53. Re6+ Kf5 54. Re5+ Kg6 55. Ra5 h4+ 56. Kg2 Rc4 57. Rxa6+ Kf5 58.
Bd2 Rc2 59. Rd6 Ra2 1/2-1/2

[Event "CN Seniori 2012"]
[Site "Sarata Monteoru/Romania"]
[Date "2012.02.15"]
[Round "4.18"]
[White "Neagu, Liviu"]
[Black "Miroiu, George"]
[Result "0-1"]
[ECO "B19"]
[WhiteElo "2122"]
[BlackElo "2342"]
[PlyCount "158"]
[EventDate "2012.??.??"]
[TimeControl "40/5400+30:900+30"]

1. e4 c6 2. d4 d5 3. Nc3 dxe4 4. Nxe4 Bf5 5. Ng3 Bg6 6. h4 h6 7. Nf3 Nd7 8. h5
Bh7 9. Bd3 Bxd3 10. Qxd3 Ngf6 11. Bd2 e6 12. O-O-O Qc7 13. Kb1 O-O-O 14. Ne4 c5
15. Nxf6 Nxf6 16. Rh4 cxd4 17. Nxd4 Bc5 18. c3 Kb8 19. Qe2 Qb6 20. Rc1 Rd7 21.
f3 Rhd8 22. Bf4+ Bd6 23. Be5 Bxe5 24. Qxe5+ Qc7 25. f4 Rd5 26. Qxc7+ Kxc7 27.
g4 e5 28. g5 hxg5 29. fxg5 Nxh5 30. Nf3 Ng3 31. c4 Rd3 32. Nxe5 Re3 33. Nxf7
Rd2 34. c5 Ne2 35. Rf1 Rd5 36. Rc4 Ng3 37. Rfc1 Ne4 38. Ka1 Nxg5 39. Nxg5 Rxg5
40. c6 b5 41. Rf4 Rc5 42. Rg1 g5 43. Rf7+ Kxc6 44. Rxa7 Rce5 45. a4 Re1+ 46.
Rxe1 Rxe1+ 47. Ka2 Re4 48. axb5+ Kxb5 49. b3 g4 50. Rg7 Kb4 51. Rb7+ Kc3 52.
Rc7+ Kd3 53. Rg7 Ke3 54. Ka3 Kf3 55. b4 g3 56. Ka4 g2 57. Rxg2 Kxg2 58. Ka5 Re1
59. b5 Kf3 60. b6 Ke4 61. b7 Rb1 62. Ka6 Kd5 63. Ka7 Kc6 64. b8=N+ Kd6 65. Na6
Rb2 66. Nb8 Kc7 67. Na6+ Kc8 68. Nc5 Rb5 69. Na6 Rb7+ 70. Ka8 Rb6 71. Ka7 Rc6
72. Nb4 Rc7+ 73. Ka8 Rb7 74. Na6 Rh7 75. Nb8 Kc7 76. Ka7 Rg7 77. Na6+ Kc6+ 78.
Ka8 Kb6 79. Nb8 Ra7# {0-1 Neagu,L-Miroiu,G/Sarata Monteoru/Romania 2012/[Robot
3]} 0-1

[Event "CN Seniori 2012"]
[Site "Sarata Monteoru/Romania"]
[Date "2012.02.16"]
[Round "5.1"]
[White "Szabo, Gergely-Andras-Gyul"]
[Black "Vajda, Levente"]
[Result "1/2-1/2"]
[ECO "C96"]
[WhiteElo "2554"]
[BlackElo "2594"]
[PlyCount "21"]
[EventDate "2012.??.??"]
[TimeControl "40/5400+30:900+30"]

1. e4 e5 2. Nf3 Nc6 3. Bb5 a6 4. Ba4 Nf6 5. O-O Be7 6. Re1 b5 7. Bb3 d6 8. c3
O-O 9. h3 Na5 10. Bc2 c5 11. d4 1/2-1/2

[Event "CN Seniori 2012"]
[Site "Sarata Monteoru/Romania"]
[Date "2012.02.16"]
[Round "5.2"]
[White "Lupulescu, Constantin"]
[Black "Georgescu, Tiberiu-Marian"]
[Result "1/2-1/2"]
[ECO "D55"]
[WhiteElo "2648"]
[BlackElo "2415"]
[PlyCount "59"]
[EventDate "2012.??.??"]
[TimeControl "40/5400+30:900+30"]

1. d4 Nf6 2. Nf3 d5 3. c4 e6 4. Nc3 Be7 5. Bg5 h6 6. Bxf6 Bxf6 7. e3 O-O 8. Rc1
b6 9. cxd5 exd5 10. b4 Be6 11. Be2 Qe7 12. b5 c6 13. O-O Rc8 14. Qb3 Qd8 15. a4
c5 16. Rfd1 c4 17. Qc2 a6 18. e4 axb5 19. axb5 dxe4 20. Qxe4 Ra3 21. d5 Bf5 22.
Qxf5 Bxc3 23. Qe4 Nd7 24. Bxc4 Nf6 25. Qe2 Qd6 26. Rc2 Re8 27. Qf1 Ng4 28. h3
Ne5 29. Be2 Bb4 30. Kh1 1/2-1/2

[Event "CN Seniori 2012"]
[Site "Sarata Monteoru/Romania"]
[Date "2012.02.16"]
[Round "5.3"]
[White "Nevednichy, Vladislav"]
[Black "Cioara, Andrei-Nestor"]
[Result "1-0"]
[ECO "B12"]
[WhiteElo "2546"]
[BlackElo "2456"]
[PlyCount "64"]
[EventDate "2012.??.??"]
[TimeControl "40/5400+30:900+30"]

1. e4 c6 2. d4 d5 3. e5 Bf5 4. Nf3 e6 5. Be2 Nd7 6. O-O Ne7 7. Nbd2 Nc8 8. a4
a6 9. c3 Be7 10. a5 O-O 11. Ne1 c5 12. f4 Bg6 13. g4 f5 14. Ng2 cxd4 15. cxd4
Bb4 16. Qa4 Qe7 17. Ne3 b5 18. Qb3 Na7 19. gxf5 Bxf5 20. Nxf5 Rxf5 21. Bg4 Rff8
22. Qh3 Rfe8 23. f5 exf5 24. Bxf5 Nf8 25. Qg2 Kh8 26. Kh1 Rad8 27. Nf3 Qc7 28.
Qh3 Nc6 29. Bxh7 Nxh7 30. Ng5 g6 31. Rf7 Qxf7 32. Nxf7+ Kg8 1-0

[Event "CN Seniori 2012"]
[Site "Sarata Monteoru/Romania"]
[Date "2012.02.16"]
[Round "5.4"]
[White "Petrisor, Adrian-Marian"]
[Black "Manolache, Marius"]
[Result "0-1"]
[ECO "B06"]
[WhiteElo "2385"]
[BlackElo "2552"]
[PlyCount "90"]
[EventDate "2012.??.??"]
[TimeControl "40/5400+30:900+30"]

1. e4 g6 2. d4 c6 3. Nc3 d6 4. Be3 Bg7 5. Qd2 b5 6. Bd3 Nd7 7. h4 Ngf6 8. f3
Nb6 9. Bh6 Bxh6 10. Qxh6 e5 11. dxe5 dxe5 12. a4 b4 13. Nd1 Be6 14. Ne3 a5 15.
Ne2 Qe7 16. b3 Qc5 17. Kf2 O-O-O 18. Rhd1 Kb7 19. Rac1 Nh5 20. g4 Nf6 21. Kg2
Rhe8 22. Nf1 Qe7 23. Rd2 Nfd7 24. Rcd1 Nc5 25. Nc1 Bc8 26. Be2 Ne6 27. Rxd8
Rxd8 28. Nd3 f6 29. Ng3 Kc7 30. Qe3 Ba6 31. Kf2 Bxd3 32. Rxd3 Nd4 33. Bd1 c5
34. c4 Nd7 35. Qh6 Nf8 36. Nf1 Nfe6 37. Ne3 Nf4 38. Rd2 Nf5 39. gxf5 Rxd2+ 40.
Ke1 Rd3 41. Nd5+ Nxd5 42. cxd5 gxf5 43. Qc1 Rc3 44. Qd2 fxe4 45. fxe4 Qg7 0-1